 Dungeon Crawl Stone Soup version 0.21.1-1-g345015f (webtiles) character file.

49728 wojtek the Cleaver (level 14, -8/125 HPs)
             Began as a Minotaur Fighter on July 30, 2018.
             Was an Elder of Makhleb.
             Mangled by an orc warlord
             ... wielding a +3 dire flail of draining
              (26 damage)
             ... on level 2 of the Orcish Mines.
             The game lasted 00:41:47 (20618 turns).

wojtek the Cleaver (Minotaur Fighter)              Turns: 20618, Time: 00:41:49

Health: -8/125     AC: 22    Str: 29    XL:     14   Next: 17%
Magic:  20/20      EV:  9    Int:  5    God:    Makhleb [****..]
Gold:   1094       SH: 20    Dex: 10    Spells: 13/13 levels left

rFire    + . .     SeeInvis +   a - +4 broad axe (venom)
rCold    . . .     Gourm    .   v - +2 shield {reflect}
rNeg     . . .     Faith    .   L - +2 plate armour {rF+}
rPois    .         Spirit   .   B - +1 hat {SInv}
rElec    .         Reflect  +   O - +0 cloak
rCorr    .         Harm     .   Z - +1 pair of gloves
MR       ++...                  l - +0 pair of boots
Stlth    ..........             q - +6 amulet of reflection
HPRegen  0.30/turn              t - ring of protection from magic
MPRegen  0.17/turn              g - +3 ring of strength

@: about to teleport, heavily drained
A: retaliatory headbutt, horns 2
a: Minor Destruction, Lesser Servant of Makhleb, Major Destruction, Renounce
Religion


You were on level 2 of the Orcish Mines.
You worshipped Makhleb.
Makhleb was greatly pleased with you.
You were not hungry.

You visited 3 branches of the dungeon, and saw 18 of its levels.
You also visited: Labyrinth, Sewer and Ice Cave.

You collected 1398 gold pieces.
You spent 304 gold pieces at shops.

Inventory:

Hand Weapons
 a - a +4 broad axe of venom (weapon)
Armour
 l - a +0 pair of boots (worn)
 p - a +0 plate armour of fire resistance
 v - a +2 shield of reflection (worn)
 B - a +1 hat of see invisible (worn)
 L - a +2 plate armour of fire resistance (worn)
 O - a +0 cloak (worn)
 Z - a +1 pair of gloves (worn)
Jewellery
 g - a +3 ring of strength (right hand)
 q - a +6 amulet of reflection (around neck)
 t - a ring of protection from magic (left hand)
 C - an uncursed amulet of rage {unknown}
 E - an uncursed ring of ice
 G - an uncursed ring of ice
 X - an uncursed amulet of regeneration {unknown}
Wands
 m - a wand of paralysis (7)
 D - a wand of iceblast (14)
 H - a wand of acid (8)
 K - a wand of enslavement (21)
 N - a wand of random effects (22)
 T - a wand of polymorph (14)
Scrolls
 b - 2 scrolls of blinking
 e - a scroll of enchant weapon {unknown}
 j - 2 scrolls of magic mapping
 k - 4 scrolls of fog
 n - 6 scrolls of remove curse
 o - 8 scrolls of identify
 r - 2 scrolls of noise
 s - 6 scrolls of teleportation
 u - 3 scrolls of amnesia
 y - a scroll of silence {unknown}
 J - a scroll of enchant armour {unknown}
 P - a scroll of holy word {unknown}
 R - a scroll of summoning {unknown}
 Y - a scroll of immolation {unknown}
Potions
 d - 2 potions of might
 h - 4 potions of curing
 i - 3 potions of agility
 w - a potion of mutation
 x - 3 potions of heal wounds
 z - 2 potions of flight
 A - a potion of invisibility
 F - a potion of resistance {unknown}
 I - 2 potions of haste
 M - a potion of magic {unknown}
 V - a potion of ambrosia
 W - 3 potions of lignification
Miscellaneous
 Q - a lamp of fire
 S - a box of beasts
 U - a phantom mirror
Comestibles
 c - 27 chunks of flesh
 f - 26 rations


   Skills:
 + Level 11.8(8.9) Fighting
 - Level 12.2(9.2) Axes
 + Level 11.8(8.8) Armour
 + Level 10.4(7.5) Dodging
 + Level 11.8(8.8) Shields
 - Level 10.2(7.3) Invocations
 + Level 7.4(4.7) Evocations


You had 13 spell levels left.
You didn't know any spells.

Dungeon Overview and Level Annotations

Branches:
Dungeon (13/15)            Temple (0/1) D:6            Lair (3/6) D:8
 Shoals (0/4) Lair:3       Spider (0/4) Lair:3          Orc (2/2) D:11
    Elf (0/3) Orc:2
 Vaults: D:13-14

Altars:
Ashenzari
Cheibriados
Gozag
Hepliaklqana
Kikubaaqudgha
Makhleb
Nemelex Xobeh
Okawaru
Qazlal
Ru
Sif Muna
Wu Jian
Xom
Zin
The Shining One
Beogh

Shops:
D:5 (   D:6 (   D:10 !   Orc:2 !(*

Annotations:
D:5 bees
D:6 exclusion: upstairs


Innate Abilities, Weirdness & Mutations

You reflexively headbutt those who attack you in melee.
You have a pair of horns on your head.


Message History

You feel drained.
* * * LOW HITPOINT WARNING * * *
The ice devil hits you.
* * * LOW HITPOINT WARNING * * *
The ice devil freezes you!
* * * LOW HITPOINT WARNING * * *
You block the orange demon's attack.
The sixfirhy hits you but does no damage.
The orc wizard casts a spell.
The orc wizard seems to speed up.
Unknown command.
Unknown command.
Unknown command.
As you read the scroll of teleportation, it crumbles to dust.
You feel strangely unstable.
The orc high priest no longer looks unusually strong.
You block the sixfirhy's attack. x2
The ice devil hits you but does no damage.
The orc warlord hits you with a dire flail of draining!!
You die...

.........##......................
.....##.####....##########.......
..#####[#####..##*,,,#,,,*##.....
..###.[).##.#..# *,,.#,,,**##....
...#..).##....####,..#,,,**∩#....
....#..####...#.8##'###'**8,##...
........###.8.'[[(......,,,,,#...
........##....'o43o.(8..,,,,_#...
#....#......8.'[@o4o....,,,,,#...
##...##.##...)#.8##'###'**8,##...
###.#####.#...####,,.#,,,**∩#..#.
###.###........# *,,,*,,,**##..##
##.............##*,,,*,,,###..##
##..........#..##########..)##
##.#....>..###.........)..###
#...#....[..##...........<#
##)).##.#...####..........##


You could see an orc warlord, an orc high priest, an orange demon, an ice devil,
a sixfirhy, an orc warrior and an orc wizard (invisible).

Vanquished Creatures
  Donald (Orc:1)
  A white draconian (IceCv)
  The ghost of Ymberto the Grappler, a journeyman NaTm of Xom (D:13)
  A minotaur (Lab)
  2 two-headed ogres (D:10)
  The ghost of lokyar the Carver, a novice DrBe of Trog (D:8)
  An ogre mage (D:10)
  An orc high priest (Orc:2)
  An unseen horror (D:10)
  An ugly thing (D:11)
  A deep elf mage (D:10)
  A cyclops (D:11)
  3 orc sorcerers (Orc:2)
  A centaur zombie (D:10)
  An elephant (Lair:2)
  A black mamba (Lair:1)
  6 spiny frogs
  A gargoyle (D:10)
  An ice statue (IceCv)
  3 komodo dragons
  2 trolls
  16 polar bears (IceCv)
  2 hornets
  11 hippogriffs
  5 slime creatures (D:12)
  A snapping turtle (Lair:3)
  Sigmund (D:5)
  A shadow (D:11)
  3 wyverns
  2 wraiths
  38 yaks
  A human (D:7)
  2 hogs (D:7)
  A basilisk (Lair:2)
  3 hungry ghosts
  A steam dragon (D:8)
  A vampire mosquito (D:10)
  3 wargs (Orc:2)
  An acid dragon (D:10)
  Edmund (D:5)
  A soldier ant (D:11)
  5 water moccasins
  4 porcupines
  28 orc warriors
  Purgy (D:3)
  An ice beast (D:10)
  3 black bears
  6 sky beasts
  An eye of draining (D:11)
  A phantom (D:10)
  7 centaurs
  14 ogres
  26 wolves
  3 necrophages
  5 crocodiles
  5 big kobolds
  Blork the orc (D:5)
  9 bullfrogs
  A gnoll sergeant (D:9)
  A wyvern skeleton (D:7)
  A water moccasin zombie (D:8)
  5 scorpions
  11 killer bees
  A crimson imp (D:8)
  A bullfrog zombie (D:4)
  6 hounds
  3 quasits
  3 bullfrog skeletons
  4 jellies
  20 orc priests
  2 iguanas
  5 worker ants
  19 orc wizards
  7 hell rats (Lair:1)
  3 hound skeletons
  2 howler monkey zombies (D:7)
  2 worker ant zombies
  Robin (D:3)
  13 adders
  4 gnolls (D:9)
  A river rat (Sewer)
  3 shadow imps
  An adder zombie (D:9)
  3 worms (D:6)
  11 leopard geckos
  71 orcs
  8 bats
  6 giant cockroaches
  15 goblins
  10 hobgoblins
  8 jackals
  4 quokkas
  2 ball pythons
  A ball python skeleton (D:5)
  3 frilled lizards
  A jackal skeleton (D:5)
  26 kobolds
  11 rats
  A fungus (Lair:2)
548 creatures vanquished.

Vanquished Creatures (collateral kills)
  Gastronok (Orc:1)
  The ghost of timruff the Cleaver, a journeyman MiBe of Trog (Lair:2)
  Fannar (Lair:3)
  The ghost of zapotec the Protected, a journeyman GrFi of the Shining One (Lair:1)
  4 hydras
  Erolcha (D:9)
  A two-headed ogre (D:12)
  Sonja (Lair:3)
  2 ugly things
  2 elephants (Lair:2)
  Psyche (D:12)
  A spiny frog (Lair:3)
  A rime drake (IceCv)
  3 blink frogs (Lair:3)
  A hippogriff (shapeshifter) (D:13)
  3 water moccasins
  3 wolves
  2 crocodiles
  2 bullfrogs
  A crimson imp (D:13)
  An orc priest (D:12)
  A bullfrog skeleton (D:13)
  An orc wizard (D:12)
  An orc (D:13)
  A butterfly (Lair:1)
38 creatures vanquished.

Vanquished Creatures (others)
  A cyclops (Orc:1)
  A water moccasin (D:5)
  A centaur (D:12)
  A bullfrog (D:8)
  4 orcs
  A fungus (Lair:3)
  A plant (Lair:1)
10 creatures vanquished.

Grand Total: 596 creatures vanquished

Notes
Turn   | Place    | Note
-------+----------+-------------------------------------------
     0 | D:1      | wojtek the Minotaur Fighter began the quest for the Orb.
     0 | D:1      | Reached XP level 1. HP: 19/19 MP: 0/0
    44 | D:1      | Reached skill level 3 in Axes
   162 | D:1      | Reached XP level 2. HP: 25/26 MP: 1/1
   555 | D:1      | Reached skill level 4 in Axes
  1130 | D:2      | Reached XP level 3. HP: 31/31 MP: 2/2
  1588 | D:3      | Noticed Robin
  1601 | D:3      | Killed Robin
  1601 | D:3      | Reached skill level 5 in Axes
  1611 | D:3      | Reached XP level 4. HP: 32/39 MP: 3/3
  2074 | D:3      | Found a faded altar of an unknown god.
  2269 | D:3      | Noticed Purgy
  2284 | D:3      | Killed Purgy
  2284 | D:3      | Reached skill level 6 in Axes
  2284 | D:3      | Reached skill level 1 in Dodging
  2284 | D:3      | Reached XP level 5. HP: 37/46 MP: 4/4
  2667 | D:4      | Found an iron altar of Okawaru.
  2819 | D:4      | Found an opulent altar of Gozag.
  2823 | D:4      | Found a burning altar of Makhleb.
  2825 | D:4      | Found a shattered altar of Ashenzari.
  2825 | D:4      | Found a sacrificial altar of Ru.
  2825 | D:4      | Found a sparkling altar of Nemelex Xobeh.
  2825 | D:4      | Found an ornate altar of the Wu Jian Council.
  2826 | D:4      | Found a glowing silver altar of Zin.
  2830 | D:4      | Became a worshipper of Makhleb the Destroyer
  2833 | D:4      | Found a shimmering altar of Xom.
  2835 | D:4      | Found a stormy altar of Qazlal.
  2836 | D:4      | Found a glowing golden altar of the Shining One.
  2958 | D:4      | Reached XP level 6. HP: 30/52 MP: 5/5
  3363 | D:5      | Entered Level 5 of the Dungeon
  3363 | D:5      | Noticed a sky beast
  3369 | D:5      | Killed a sky beast
  3369 | D:5      | Reached skill level 1 in Invocations
  3500 | D:6      | Found a staircase to the Ecumenical Temple.
  3518 | D:6      | Reached skill level 7 in Axes
  3585 | D:6      | Found a glowing drain.
  3589 | Sewer    | Entered a sewer
  3713 | Sewer    | Reached XP level 7. HP: 60/60 MP: 7/7
  3733 | Sewer    | Found a white marble altar of Elyvilon.
  3958 | D:6      | Found Ikuweatu's Weapon Emporium.
  3966 | D:6      | Reached * piety under Makhleb
  4530 | D:5      | Found a deep blue altar of Sif Muna.
  4619 | D:7      | Reached skill level 5 in Fighting
  4619 | D:7      | Reached skill level 5 in Shields
  4695 | D:7      | Found a hazy altar of Hepliaklqana.
  4718 | D:7      | Noticed a hippogriff
  4725 | D:7      | Killed a hippogriff
  4725 | D:7      | Reached skill level 8 in Axes
  4725 | D:7      | Reached skill level 5 in Armour
  4725 | D:7      | Reached XP level 8. HP: 65/68 MP: 9/9
  4984 | D:7      | Reached skill level 9 in Axes
  4984 | D:7      | Reached XP level 9. HP: 39/75 MP: 11/11
  5259 | D:7      | Reached skill level 5 in Invocations
  5591 | D:8      | Noticed lokyar's ghost (novice DrBe)
  5896 | D:7      | Reached skill level 10 in Axes
  5919 | D:7      | Reached skill level 5 in Dodging
  6058 | D:7      | Reached ** piety under Makhleb
  6093 | D:7      | Reached XP level 10. HP: 84/84 MP: 13/13
  6594 | D:8      | Found a sparkling altar of Nemelex Xobeh.
  6649 | D:8      | Found a snail-covered altar of Cheibriados.
  6702 | D:8      | Found an ancient bone altar of Kikubaaqudgha.
  6884 | D:8      | HP: 4/86 [orc warrior/mace (11)]
  7515 | D:9      | Reached skill level 1 in Evocations
  7841 | D:9      | Reached *** piety under Makhleb
  8048 | D:9      | Found a hazy altar of Hepliaklqana.
  8236 | D:9      | Noticed Erolcha
  8254 | D:9      | Killed Erolcha
  8254 | D:9      | Reached skill level 11 in Axes
  8628 | D:8      | Killed lokyar's ghost
  8706 | D:8      | Found a staircase to the Lair.
  8857 | Lair:1   | Entered Level 1 of the Lair of Beasts
  9008 | Lair:1   | Noticed a spiny frog
  9018 | Lair:1   | Killed a spiny frog
  9108 | Lair:1   | Reached XP level 11. HP: 92/93 MP: 15/15
  9156 | Lair:1   | Noticed zapotec's ghost (journeyman GrFi)
  9489 | Lair:1   | Killed zapotec's ghost
 10466 | Lair:2   | Noticed timruff's ghost (journeyman MiBe)
 10495 | Lair:2   | Killed timruff's ghost
 10542 | Lair:2   | Reached skill level 12 in Axes
 11264 | D:5      | Noticed Sigmund
 11265 | D:5      | Noticed Edmund
 11269 | D:5      | Killed Sigmund
 11277 | D:5      | Killed Edmund
 11314 | D:5      | Found Wianliuc's Weapon Boutique.
 11497 | D:5      | Noticed Blork the orc
 11509 | D:5      | Killed Blork the orc
 11725 | D:10     | Entered Level 10 of the Dungeon
 11823 | D:10     | Reached **** piety under Makhleb
 11925 | D:10     | Noticed a two-headed ogre
 12225 | D:10     | Reached XP level 12. HP: 103/103 MP: 17/17
 12674 | D:10     | Killed a two-headed ogre
 12708 | D:10     | Noticed an ogre mage
 12731 | D:10     | Killed an ogre mage
 13106 | D:10     | Noticed a two-headed ogre
 13112 | D:10     | Killed a two-headed ogre
 13112 | D:10     | Reached skill level 10 in Invocations
 13122 | D:10     | Found Akhusurro's Distillery.
 13130 | D:10     | Bought a potion of heal wounds for 80 gold pieces
 13130 | D:10     | Bought a potion of ambrosia for 128 gold pieces
 13130 | D:10     | Bought a potion of lignification for 48 gold pieces
 13130 | D:10     | Bought a potion of flight for 48 gold pieces
 13149 | D:10     | Noticed an eight-headed hydra
 13158 | D:10     | Killed an eight-headed hydra
 13765 | D:11     | Found a staircase to the Orcish Mines.
 13792 | D:11     | Reached ***** piety under Makhleb
 14025 | D:11     | Noticed an eight-headed hydra
 14035 | D:11     | Killed an eight-headed hydra
 14035 | D:11     | Reached skill level 5 in Evocations
 14692 | D:12     | Noticed Psyche
 14697 | D:12     | Killed Psyche
 14697 | D:12     | Reached skill level 10 in Fighting
 14718 | D:12     | Found a frozen archway.
 14729 | D:12     | Noticed a two-headed ogre
 14741 | D:12     | Killed a two-headed ogre
 14741 | D:12     | Reached skill level 10 in Shields
 14744 | D:12     | Reached skill level 10 in Armour
 14767 | IceCv    | Entered an ice cave
 14895 | IceCv    | Reached XP level 13. HP: 113/113 MP: 19/19
 15570 | IceCv    | Noticed a white draconian
 15615 | IceCv    | Killed a white draconian
 15726 | IceCv    | Identified Sif Muna's Grimoire of Congealing Air
 16430 | D:13     | Noticed Ymberto's ghost (journeyman NaTm)
 16446 | D:13     | Killed Ymberto's ghost
 17217 | Lair:3   | Noticed Fannar
 17231 | Lair:3   | Killed Fannar
 17526 | Lair:3   | Noticed Sonja
 17532 | Lair:3   | Killed Sonja
 17579 | Lair:3   | Found a hole to the Spider Nest.
 17745 | Lair:3   | Found a staircase to the Shoals.
 17814 | Lair:3   | Reached skill level 10 in Dodging
 18106 | Orc:1    | Entered Level 1 of the Orcish Mines
 18127 | Orc:1    | Noticed Gastronok
 18138 | Orc:1    | Killed Gastronok
 18535 | Orc:2    | Entered Level 2 of the Orcish Mines
 18535 | Orc:2    | Found a labyrinth entrance.
 18564 | Lab      | Entered a labyrinth
 18741 | Lab      | Noticed a minotaur
 18752 | Lab      | Killed a minotaur
 18758 | Lab      | Got steaming steam dragon scales
 18779 | Lab      | Identified the +0 steam dragon scales of Narcissism {Str+5} (You found it in a labyrinth)
 18917 | Orc:2    | Found Aryedy's Antique Weapon Emporium.
 18984 | Orc:2    | Found a roughly hewn altar of Beogh.
 19014 | Orc:2    | Found a roughly hewn altar of Beogh.
 19036 | Orc:2    | Noticed Donald
 19423 | Orc:1    | Killed Donald
 19423 | Orc:1    | Reached XP level 14. HP: 94/124 MP: 20/20
 19629 | Orc:2    | Found a staircase to the Elven Halls.
 19649 | Orc:2    | Found a roughly hewn altar of Beogh.
 19650 | Orc:2    | Found Qeucoovi's Assorted Antiques.
 19922 | Orc:2    | Found a roughly hewn altar of Beogh.
 19971 | Orc:2    | Noticed an orc warlord
 19986 | Orc:2    | HP: 5/125 [orc warlord/dire flail of draining (9)]
 20437 | Orc:2    | Found a roughly hewn altar of Beogh.
 20478 | Orc:2    | Found a roughly hewn altar of Beogh.
 20507 | Orc:2    | Found Ufuefevo's Distillery.
 20552 | Orc:2    | Found a roughly hewn altar of Beogh.
 20618 | Orc:2    | Mangled by an orc warlord

Skill      XL: |  1  2  3  4  5  6  7  8  9 10 11 12 13 |
---------------+----------------------------------------+-----
Axes           | 3 4 5 6 7 8 9 10 11 12 | 12.2
Dodging        | 1 2 3 4 5 6 7 8 10 | 10.4
Fighting       | 4 5 6 7 8 10 11 | 11.8
Armour         | 4 5 6 7 8 10 11 | 11.8
Shields        | 4 5 6 7 8 10 11 | 11.8
Invocations    | 2 3 4 6 7 9 10 | 10.2
Evocations     | 2 3 5 7 |  7.4

Action                   |  1- 3 |  4- 6 |  7- 9 | 10-12 | 13-15 || total
-------------------------+-------+-------+-------+-------+-------++-------
Melee: War axe           |    80 |   160 |   248 |   876 |       ||  1364
       Headbutt          |     4 |    17 |    38 |   195 |   135 ||   389
       Broad axe         |       |       |       |    91 |   532 ||   623
Invok: Lesser Servant of |       |       |       |    19 |    31 ||    50
       Minor Destruction |       |       |       |     6 |     9 ||    15
Evoke: Wand              |       |       |       |    18 |    21 ||    39
  Use: Scroll            |       |     6 |       |     2 |    14 ||    22
       Potion            |       |       |       |     2 |     5 ||     7
 Stab: Distracted        |       |       |       |     3 |     3 ||     6
       Paralysed         |       |       |       |     5 |     2 ||     7
  Eat: Chunk             |     2 |     4 |     9 |    17 |     8 ||    40
       Ration            |       |     1 |       |     5 |     3 ||     9
Armor: Scale mail        |    14 |       |       |       |       ||    14
       Chain mail        |    25 |    61 |    87 |    20 |       ||   193
       Plate armour      |       |       |       |   267 |   145 ||   412
Dodge: Dodged            |    15 |    24 |    53 |   189 |   127 ||   408
Block: Shield            |    78 |   117 |   230 |   835 |   501 ||  1761
       Reflection        |     1 |       |     5 |    29 |    22 ||    57
